 Dungeon Crawl Stone Soup version 0.30-a0-40-gc6d0f036a7 (webtiles) character file.

Game seed: 17680575495059634971

3361 ytrimaz the Transmogrifier (level 10, -4/69 HPs)
             Began as an Octopode Transmuter on Aug 29, 2022.
             Killed by divine providence
             ... invoked by an orc priest
              (15 damage)
             ... on level 8 of the Dungeon.
             The game lasted 00:11:44 (11740 turns).

ytrimaz the Transmogrifier (Octopode Transmuter)   Turns: 11740, Time: 00:11:45

Health: -4/69      AC:  8    Str: 10    XL:     10   Next: 3%
Magic:  19/22      EV: 11    Int: 19    God:
Gold:   352        SH:  5    Dex: 13    Spells: 16/25 levels left

rFire   x . .      SeeInvis .      - Unarmed
rCold   + + +      Faith    .    (shield currently unavailable)
rNeg    . . .      Spirit   .    (helmet currently unavailable)
rPois   +          Reflect  +    e - amulet of reflection
rElec   .          Harm     .    g - ring of protection from cold
rCorr   .          Rampage  .    j - ring of the Final Decision {Wiz Stlth+}
Will    .....                    k - ring of poison resistance
Stlth   ++........               (no ring)
HPRegen 0.21/turn                (no ring)
MPRegen 0.18/turn                (no ring)
                                 (no ring)
                                 (no ring)

@: ice-form, wereblooded (expiring)
A: freezing attack, boosted hp, almost no armour, amphibious, 8 rings, large,
(camouflage 1), (gelatinous body 1), (nimble swimmer 1), (tentacles)
a: End Transformation


You were on level 8 of the Dungeon.
You were a creature of crystalline ice.
You visited 2 branches of the dungeon, and saw 9 of its levels.

You collected 352 gold pieces.

Inventory:

Missiles
 o - a throwing net
Jewellery
 e - an amulet of reflection (around neck)
 g - a ring of protection from cold (left front paw)
 j - the ring of the Final Decision (right front paw) {Wiz Stlth+}
   (You acquired it on level 5 of the Dungeon)

   [ring of wizardry]

   It improves your spell success rate.
   Stlth:     It makes you more stealthy.
 k - a ring of poison resistance (on tentacle)
Wands
 p - a wand of polymorph (6)
Scrolls
 f - 2 scrolls of enchant weapon
 h - 2 scrolls of amnesia
 l - a scroll of teleportation
Potions
 a - 2 potions of lignification
 b - a potion of attraction
 c - 3 potions of magic
 d - 3 potions of curing
 i - 2 potions of heal wounds
 m - 2 potions of haste {unknown}
 n - a potion of invisibility {unknown}
 q - a potion of brilliance {unknown}
 r - a potion of flight {unknown}


   Skills:
 - Level 1.0 Fighting
 - Level 3.5 Dodging
 + Level 5.6 Unarmed Combat
 - Level 8.0 Spellcasting
 - Level 8.0 Transmutations
 - Level 4.0 Ice Magic
 - Level 4.0 Poison Magic


You had 16 spell levels left.
You knew the following spells:

 Your Spells              Type           Power      Damage    Failure   Level
a - Ice Form              Ice/Tmut       30%        N/A       3%          4
b - Wereblood             Tmut           38%        N/A       1%          2
c - Spider Form           Tmut/Pois      30%        N/A       1%          3

Your spell library contained the following spells:

 Spells                   Type           Power      Damage    Failure   Level
 Beastly Appendage        Tmut           76%        N/A       1%          1
 Poisonous Vapours        Pois/Air       30%        N/A       2%          2
 Shock                    Conj/Air       28%        1d4       3%          1
 Blade Hands              Tmut           19%        N/A       4%          5
 Dazzling Flash           Conj/Hex       14%        N/A       11%         3
 Gell's Gravitas          Tloc           7%         N/A       11%         3
 Portal Projectile        Hex/Tloc       14%        N/A       11%         3
 Swiftness                Air            7%         N/A       11%         3
 Teleport Other           Tloc           7%         N/A       11%         3
 Tukima's Dance           Hex            7%         N/A       11%         3
 Corpse Rot               Necr/Pois/Air  12%        N/A       21%         4
 Airstrike                Air            3%         2d(1-17)  32%         4
 Iskenderun's Mystic Bla  Conj/Tloc      7%         2d4       32%         4
 Eringya's Noxious Bog    Tmut/Pois      15%        N/A       41%         6
 Summon Forest            Summ/Tloc      3%         N/A       65%         5
 Dispersal                Tloc           3%         N/A       99%         6
 Starburst                Conj/Fire      3%         6d3       99%         6
 Summon Hydra             Summ           3%         N/A       100%        7


Dungeon Overview and Level Annotations

Branches:
Dungeon (8/15)             Temple (1/1) D:4            Lair (0/5) D:8

Altars:
Ashenzari
Cheibriados
Dithmenos
Elyvilon
Fedhas
Gozag
Hepliaklqana
Makhleb
Nemelex Xobeh
Okawaru
Qazlal
Ru
Sif Muna
Trog
Uskayaw
Vehumet
Yredelemnul
Zin

Shops:
D:1 =   D:4 =

Annotations:
D:5 exclusion: gargoyle
D:6 1 transporter


Innate Abilities, Weirdness & Mutations

You are a creature of crystalline ice.
You have a powerful freezing melee attack.
Your maximum health is increased.
Your armour is entirely melded.
You are incapable of wielding weapons or throwing items.
You cannot wear most types of armour.
You are amphibious.
You can wear up to eight rings at the same time.
((Your skin changes colour to match your surroundings (Stealth+).))
((Your rubbery body absorbs attacks. (AC +1, EV +1)))
((You are camouflaged when in or above water. (Stealth+)))
((You have tentacles for arms and can constrict up to eight enemies at once.))


Message History

You hit the orc. You freeze the orc.
The orc is heavily wounded.
The orc hits you with a +0 scimitar!
You hit the orc. You freeze the orc.
You feel a bit better.
You kill the orc!
r - a bubbling green potion
Items here: )) [ ††.
An orc priest comes into view. It is wielding a +0 dagger.
The orc priest mumbles some strange prayers to Beogh against you.
Beogh smites you!
You hear a shout!
The orc priest shouts!
The orc priest invokes the aid of Beogh against you.
Beogh smites you! You block the orc priest's attack.
The orc priest hits you with a +0 dagger.
The orc priest hits you with a +1 vorpal war axe!
The orc priest completely misses you.
You punch the orc priest! You freeze the orc priest.
The orc priest is almost dead.
You barely miss the orc priest.
The orc priest is almost dead.
The orc priest invokes the aid of Beogh against you.
Pain shoots through your body!
The orc priest invokes the aid of Beogh against you.
Pain shoots through your body!
* * * LOW HITPOINT WARNING * * *
You punch the orc priest! You freeze the orc priest.
The orc priest is almost dead.
The orc priest invokes the aid of Beogh against you.
Beogh smites you!
* * * LOW HITPOINT WARNING * * *
The orc priest invokes the aid of Beogh against you.
You struggle to resist.
You punch the orc priest! You freeze the orc priest.
You feel a bit better.
You kill the orc priest!
Your primal bloodlust is almost over.
The orc priest mumbles some strange prayers to Beogh against you.
Beogh smites you!
You die...

................#......P.P....>..
#.....................P...P......
###..............................
#........###..............P.....
##.######## ##..........P........
#.## ##..P....P...PPP..... †##
########.................... ##
#.(..).....P...P...P...P.... #
#.#######.)YoP..>.P..P...... #
#..P.......P.P...##.
#...P......P..... ##
#..P......P.P.P.. #
..........P.P....PPP..#
###........P.PP..PPPn.
#.............P..P.#
#........P....P...P.
#....o....P...


You could see an orc priest.

Vanquished Creatures
  A wyvern (D:8)
  A yak (D:8)
  Eustachio (D:5)
  Edmund (D:6)
  A water moccasin (D:8)
  3 black bears
  An orc warrior (D:8)
  A centaur (D:6)
  2 phantoms (D:6)
  9 bullfrogs
  2 scorpions
  2 necrophages
  5 killer bees (D:8)
  2 howler monkeys
  2 hounds
  7 orc priests
  3 jellies
  A gnoll bouda (D:4)
  Jessica (D:3)
  2 iguanas (D:5)
  9 orc wizards
  9 adders
  11 gnolls
  A shadow imp (D:7)
  2 white imps
  3 ufetubi
  5 worms
  2 dart slugs
  30 orcs
  10 ball pythons
  6 endoplasms
  4 giant cockroaches
  2 goblins (D:2)
  4 hobgoblins
  3 jackals (D:3)
  5 quokkas
  5 bats
  4 frilled lizards
  6 kobolds
  4 rats
173 creatures vanquished.

Vanquished Creatures (others)
  48 fungi (D:8)
  42 plants (D:8)
90 creatures vanquished.

Grand Total: 263 creatures vanquished

Notes
Turn   | Place    | Note
-------+----------+-------------------------------------------
     0 | D:1      | ytrimaz the Octopode Transmuter began the quest for the
                  | Orb.
     0 | D:1      | Reached XP level 1. HP: 13/13 MP: 3/3
   345 | D:1      | Reached XP level 2. HP: 13/18 MP: 5/5
   484 | D:1      | Found Ziwnom's Jewellery Shoppe.
   513 | D:1      | Found a faded altar of an unknown god.
  1273 | D:2      | Found a glowing silver altar of Zin.
  1325 | D:2      | Reached XP level 3. HP: 15/23 MP: 4/6
  1524 | D:2      | Learned a level 2 spell: Wereblood
  1528 | D:2      | Learned a level 3 spell: Spider Form
  2199 | D:2      | Reached skill level 1 in Poison Magic
  2614 | D:2      | Reached XP level 4. HP: 28/28 MP: 5/7
  3164 | D:3      | Reached XP level 5. HP: 33/33 MP: 5/8
  3406 | D:3      | Reached XP level 6. HP: 11/38 MP: 6/10
  3952 | D:3      | Noticed Jessica
  3963 | D:3      | Killed Jessica
  4602 | D:4      | Learned a level 4 spell: Ice Form
  4655 | D:4      | Found an iron altar of Okawaru.
  4716 | D:4      | Found Yrasso's Jewellery Shoppe.
  5173 | D:4      | Reached skill level 1 in Ice Magic
  5173 | D:4      | Reached XP level 7. HP: 30/43 MP: 8/12
  5309 | D:4      | Found a hide-covered altar of Uskayaw.
  5504 | D:4      | Found a staircase to the Ecumenical Temple.
  5523 | Temple   | Entered the Ecumenical Temple
  6112 | D:5      | Entered Level 5 of the Dungeon
  6534 | D:5      | Identified a scroll of acquirement
  6622 | D:5      | Acquired the ring of the Final Decision {Wiz Stlth+}
  6709 | D:5      | Reached XP level 8. HP: 43/48 MP: 11/14
  7418 | D:5      | Noticed Eustachio
  7430 | D:5      | Killed Eustachio
  7431 | D:5      | Reached skill level 5 in Transmutations
  7565 | D:5      | Identified the +10 hand axe of Uncertain Death {antimagic,
                  | Will+ Dex+2}
  7800 | D:5      | Noticed a gargoyle
  7930 | D:5      | Reached skill level 5 in Spellcasting
  8187 | D:6      | Noticed a wraith
  8188 | D:6      | Found a transporter.
  8188 | D:6      | Found a broken altar of Ashenzari.
  8188 | D:6      | Noticed a wraith
  8217 | D:6      | Found a transporter.
  8224 | D:6      | Found a burning altar of Makhleb.
  8320 | D:6      | Identified the +8 sling of Upuiqoits {venom, Fly rElec rC+
                  | Int+2}
  8321 | D:6      | Identified the +5 cloak of the Hunter {Harm rCorr Int+5
                  | Stlth+}
  8324 | D:6      | Noticed Edmund
  8349 | D:6      | Killed Edmund
  8468 | D:6      | Reached XP level 9. HP: 35/53 MP: 16/18
  9284 | D:6      | Found a shadowy altar of Dithmenos.
 10071 | D:7      | Found a shimmering blue altar of Sif Muna.
 11104 | D:8      | HP: 3/63 [wyvern (13)]
 11579 | D:8      | Reached skill level 5 in Unarmed Combat
 11699 | D:8      | Found a staircase to the Lair.
 11723 | D:8      | Reached XP level 10. HP: 58/58 MP: 16/21
 11740 | D:8      | Killed from afar by an orc priest

Illustrated notes

Levels and vault maps discovered:
D:1:      erik_arrival_blinker_ship, layout_loops_ring, serial_shops, shop,
          ebering_ecumenical_altar_webs
D:2:      layout_loops_ring, basic_altar
D:3:      layout_loops_ring, uniq_jessica
D:4:      layout_gridville, nicolae_uskayaw_suspiria,
          mainiacjoe_overflow_tiny_flanked, minmay_temple_entry_tees,
          kennysheep_windowed_goal
D:5:      wad_crossroads, layout_layer_cave, uniq_eustachio
D:6:      layout_loops_ring, overflow_temple_1_default,
          gammafunk_temple_overflow_arena, nicolae_dithmenos_the_darkroom,
          uniq_edmund
D:7:      layout_loops_cross, kennysheep_mini, kennysheep_generic_room_4
D:8:      layout_layer_cave, due_lair_maze_entry_diamond,
          kennysheep_just_a_vault
Temple:   nicolae_temple_slightly_damp_pantheon

Skill      XL: |  1  2  3  4  5  6  7  8  9 10 |
---------------+-------------------------------+-----
Dodging        | 3 |  3.5
Poison Magic   | 1 3 4 |  4.0
Transmutations | 3 4 6 8 |  8.0
Spellcasting   | 3 4 6 7 8 |  8.0
Ice Magic      | 1 3 4 |  4.0
Unarmed Combat | 5 |  5.6
Fighting       | |  1.0

Action                   |  1- 3 |  4- 6 |  7- 9 | 10-12 || total
-------------------------+-------+-------+-------+-------++-------
Melee: Unarmed           |    77 |   144 |   293 |    10 ||   524
       Constrict         |    15 |     9 |     9 |       ||    33
       Kick              |     9 |       |       |       ||     9
       Tentacles         |    11 |     8 |     7 |       ||    26
       Punch             |     2 |       |     1 |       ||     3
 Cast: Beastly Appendage |    12 |       |       |       ||    12
       Spider Form       |       |    26 |    18 |       ||    44
       Ice Form          |       |       |    25 |       ||    25
       Wereblood         |       |       |     8 |       ||     8
  Use: Scroll            |     5 |     5 |     5 |       ||    15
       Potion            |       |     2 |     5 |       ||     7
 Stab: Sleeping          |     5 |     2 |     4 |       ||    11
Armor: Skin              |     3 |     3 |    72 |       ||    78
Dodge: Dodged            |    36 |    92 |   201 |     4 ||   333
Block: Other             |    10 |    22 |    73 |     2 ||   107
       Reflection        |       |       |     1 |       ||     1

Table legend: (Time is in decaauts)
 A = Elapsed time spent in this place.
 B = Non-inter-level travel time spent in this place.
 C = Inter-level travel time spent in this place.
 D = Time resting spent in this place.
 E = Time spent auto-exploring this place.
 F = Levels seen in this place.
 G = Mean time per level.
                   A        B        C        D        E       F      G
               +--------+--------+--------+--------+--------+-----+--------+
         Total |  11725 |  11536 |    189 |    905 |   9045 |   9 | 1302.8 |
       Dungeon |  11540 |  11369 |    171 |    905 |   8892 |   8 | 1442.5 |
        Temple |    184 |    166 |     18 |      0 |    153 |   1 |  184.0 |
               +--------+--------+--------+--------+--------+-----+--------+

Top non-repeatable levels by time:
     D:4: 1910 daAuts
     D:3: 1684 daAuts
     D:2: 1665 daAuts
     D:6: 1534 daAuts
     D:5: 1523 daAuts
     D:1: 1200 daAuts
     D:8: 1051 daAuts
     D:7: 970 daAuts
  Temple: 184 daAuts
